 Dungeon Crawl Stone Soup version 0.30-a0-458-g86641cc369 (webtiles) character file.

Game seed: 3109668945499808639

49 Fonys the Vexing (level 3, -3/16 HPs)
             Began as a Spriggan Enchanter on Dec 14, 2022.
             Slain by a worm (9 damage)
             ... on level 3 of the Dungeon.
             The game lasted 00:02:51 (1352 turns).

Fonys the Vexing (Spriggan Enchanter)               Turns: 1352, Time: 00:02:51

Health: -3/16      AC:  2    Str:  4    XL:     3   Next: 53%
Magic:  1/9        EV: 17    Int: 16    God:
Gold:   68         SH:  0    Dex: 17    Spells: 2/10 levels left

rFire   . . .      SeeInvis +    a - +1 dagger
rCold   . . .      Faith    .    (no shield)
rNeg    . . .      Spirit   .    b - +0 robe
rPois   .          Reflect  .    (helmet restricted)
rElec   .          Harm     .    (no cloak)
rCorr   .          Rampage  .    (gloves unavailable)
Will    .....                    (boots unavailable)
Stlth   +++.......               g - amulet of the acrobat
HPRegen 0.22/turn                (no ring)
MPRegen 0.11/turn                (no ring)

@: very slightly contaminated, very quick
A: very small, no large weapons, unfitting armour, see invisible, speed 3
a: no special abilities


You were on level 3 of the Dungeon.
You visited 1 branch of the dungeon, and saw 3 of its levels.

You collected 68 gold pieces.

Inventory:

Hand Weapons
 a - a +1 dagger (weapon)
Armour
 b - a +0 robe (worn)
Jewellery
 g - an amulet of the acrobat (around neck)
Scrolls
 i - a scroll of immolation
Potions
 c - 2 potions of invisibility
 d - a potion of curing
 e - a potion of mutation {unknown}
 f - a potion of lignification {unknown}
 h - a potion of magic
 j - a potion of haste {unknown}
 k - a potion of attraction {unknown}


   Skills:
 - Level 1.1 Short Blades
 - Level 2.6 Dodging
 - Level 4.4 Stealth
 + Level 4.0 Spellcasting
 + Level 4.7 Hexes


You had 2 spell levels left.
You knew the following spells:

 Your Spells              Type           Power      Damage    Failure   Level
a - Ensorcelled Hibernat  Hex/Ice        20%        N/A       10%         2
b - Tukima's Dance        Hex            18%        N/A       8%          3
d - Confusing Touch       Hex            18%        N/A       8%          3

Your spell library contained the following spells:

 Spells                   Type           Power      Damage    Failure   Level
 Dazzling Flash           Conj/Hex       20%        N/A       19%         3


Dungeon Overview and Level Annotations

Branches:
Dungeon (3/15)

Altars:
Ashenzari


Innate Abilities, Weirdness & Mutations

You are very small and have problems with some larger weapons.
You are too small for most types of armour.
You have supernaturally acute eyesight. (SInv)
You cover ground extremely quickly. (Speed+++)


Message History

Ouch! That really hurt!
You are too injured to fight recklessly!
Casting: Ensorcelled Hibernation (safe; 10% risk of failure)
Confirm with . or Enter, or press ? or * to list all spells.
Aiming: Ensorcelled Hibernation (safe; 10% risk of failure)
Press: ? - help, Shift-Dir - straight line, f - hobgoblin
Aim: a hobgoblin (chance to affect: 62%)
You miscast Ensorcelled Hibernation.
You are very lightly contaminated with residual magic.
Nothing appears to happen.
The hobgoblin hits you.
Unknown command.
Casting: Ensorcelled Hibernation (safe; 10% risk of failure)
Confirm with . or Enter, or press ? or * to list all spells.
Aiming: Ensorcelled Hibernation (safe; 10% risk of failure)
Press: ? - help, Shift-Dir - straight line, f/p - hobgoblin
Aim: a hobgoblin (chance to affect: 62%)
The hobgoblin looks drowsy...
Unknown command.
The helpless hobgoblin fails to defend itself.
You impale the hobgoblin!!
You kill the hobgoblin!
Casting: Ensorcelled Hibernation (safe; 10% risk of failure)
Confirm with . or Enter, or press ? or * to list all spells.
Aiming: Ensorcelled Hibernation (safe; 10% risk of failure)
Press: ? - help, Shift-Dir - straight line, f - worm
Aim: a worm (chance to affect: 52%)
The worm resists with significant effort.
Casting: Ensorcelled Hibernation (safe; 10% risk of failure)
Confirm with . or Enter, or press ? or * to list all spells.
Aiming: Ensorcelled Hibernation (safe; 10% risk of failure)
Press: ? - help, Shift-Dir - straight line, f/p - worm
Aim: a worm (chance to affect: 52%)
The worm looks drowsy...
You see here a hobgoblin corpse.
The helpless worm fails to defend itself.
You puncture the worm!
The worm is almost dead.
The worm bites you!
Ouch! That really hurt!
You die...

### ..# # #.# ### #[
#.### #...#.### #.#.##
........# #..#.##
......#.######.###.####
.S.........w@...#.....#
........b.######.####.#
.....##.#.# #.# #.#
#$.. #.#.# # # #.# ...
....# #.# .# ......
#.## ..$...# #..#
##...... ##.# #<#


You could see a worm and a bat (wandering).

Vanquished Creatures
  2 adders (D:2)
  2 dart slugs
  An endoplasm (D:2)
  2 giant cockroaches (D:2)
  A goblin (D:2)
  3 hobgoblins
  3 jackals (D:2)
  2 quokkas
  4 ball pythons
  A frilled lizard (D:2)
  2 kobolds (D:2)
  2 rats
25 creatures vanquished.

Notes
Turn   | Place    | Note
-------+----------+-------------------------------------------
     0 | D:1      | Fonys the Spriggan Enchanter began the quest for the Orb.
     0 | D:1      | Reached XP level 1. HP: 9/9 MP: 5/5
   583 | D:1      | Reached XP level 2. HP: 13/13 MP: 7/7
   595 | D:1      | Learned a level 2 spell: Ensorcelled Hibernation
   987 | D:2      | Reached XP level 3. HP: 14/16 MP: 9/9
   991 | D:2      | Learned a level 3 spell: Tukima's Dance
   995 | D:2      | Learned a level 3 spell: Confusing Touch
  1079 | D:2      | Found a broken altar of Ashenzari.
  1352 | D:3      | Slain by a worm

Illustrated notes

Levels and vault maps discovered:
D:1:      dpeg_arrival_connections, layout_basic
D:2:      layout_rooms, basic_altar
D:3:      layout_loops_ring, lemuel_doored_altar, mainiacjoe_overflow_catwalk,
          serial_shops, shop, basic_ecumenical_altar

Skill      XL: |  1  2  3 |
---------------+----------+-----
Spellcasting   | 3 4 |  4.0
Hexes          | 4 |  4.7
Short Blades   | |  1.1
Dodging        | |  2.6
Stealth        | |  4.4

Action                   || total
-------------------------++-------
Melee: Dagger            ||    82
       Punch             ||     1
 Cast: Ensorcelled Hiber ||     5
  Use: Scroll            ||     6
 Stab: Sleeping          ||    11
Armor: Robe              ||    10
Dodge: Dodged            ||    45

Table legend: (Time is in decaauts)
 A = Elapsed time spent in this place.
 B = Non-inter-level travel time spent in this place.
 C = Inter-level travel time spent in this place.
 D = Time resting spent in this place.
 E = Time spent auto-exploring this place.
 F = Levels seen in this place.
 G = Mean time per level.
                   A        B        C        D        E       F      G
               +--------+--------+--------+--------+--------+-----+--------+
         Total |    925 |    878 |     47 |     64 |    559 |   3 |  308.3 |
       Dungeon |    925 |    878 |     47 |     64 |    559 |   3 |  308.3 |
               +--------+--------+--------+--------+--------+-----+--------+

Top non-repeatable levels by time:
     D:2: 466 daAuts
     D:1: 432 daAuts
     D:3: 26 daAuts
